 Dungeon Crawl Stone Soup version 0.14.0-26-g1682e81 (console) character file.

877320 Rafi the Demonic Blade (level 27, -13/219 HPs)
             Began as a Demonspawn Air Elementalist on Apr 26, 2014.
             Was the Champion of Makhleb.
             Mangled by a reaper
             ... wielding a +1,+0 scythe of dragon slaying
              (22 damage)
             ... on Level 10 of a ziggurat on Apr 27, 2014.
             The game lasted 12:56:35 (85614 turns).

Rafi the Demonic Blade (DsAE)                      Turns: 85614, Time: 12:56:35

HP -13/219       AC 38     Str 23      XL: 27
MP   0/46        EV 20     Int 26      God: Makhleb [******]
Gold 7737        SH  0     Dex 18      Spells: 15 memorised,  6 levels left

rFire  + + .     SeeInvis +     w - staff of wizardry
rCold  . . .     Clarity  +     z - +4 scale mail {rF+}
rNeg   + . .     Conserve +     (no shield)
rPois  .         rCorr    +     n - +4 helmet of Bruiheff {Str+2 Dex+3}
rElec  .         rRot     .     s - +2 cloak {rCorr, Cons}
SustAb + .       Spirit   +     G - +1 pair of gloves of Courage {Str+3 Int+3 SInv}
rMut   .         Warding  .     (boots unavailable)
Saprov . . .     Stasis   .     V - amulet "Diveh" {Clar rN+ Acc+3}
MR     ++...                    N - ring of protection from fire
                                k - ring "Kadupsob" {SustAb Str+3 Int+4}

@: deflect missiles, about to teleport, silence, drained, very resistant to
hostile enchantments, extremely unstealthy
A: hooves 3, rough black scales 3, demonic guardian 3, regeneration 1,
augmentation 3, magic shield, magic regeneration, magic link
a: no special abilities
}: 7/15 runes: barnacled, slimy, silver, abyssal, demonic, fiery, gossamer


You were on level 10 of a ziggurat.
You worshipped Makhleb.
Makhleb was exalted by your worship.
You were full.

You visited 14 branches of the dungeon, and saw 69 of its levels.
You visited Pandemonium 1 time, and saw 26 of its levels.
You visited the Abyss 2 times.
You visited 1 Ziggurat, and saw 10 of its levels.
You also visited: Labyrinth, Trove, Sewer, Bailey, Ice Cave and Volcano.

You collected 10460 gold pieces.
You spent 2723 gold pieces at shops.

Inventory:

Hand weapons
 a - a +9,+7 claymore of freezing
 b - the +6,+6 Sword of Cerebov {flame}
   (You took it off Cerebov in Pandemonium)

   It emits flame when wielded, causing extra injury to most foes and up to
   double damage against particularly susceptible opponents.
   Big, fiery blades are also staple armaments of hydra-hunters.
 c - a +4,+4 vampiric demon blade
Armour
 n - the +4 helmet of Bruiheff (worn) {Str+2 Dex+3}
   (You acquired it on level 2 of the Elven Halls)

   It affects your strength (+2).
   It affects your dexterity (+3).
 s - a +2 cloak of preservation (worn)
 z - a +4 scale mail of fire resistance (worn)
 F - the +2 hat of Amorality {Dex+3 Dam+3 SInv}
   (You found it in Pandemonium)

   It affects your dexterity (+3).
   It affects your damage with ranged weapons and melee attacks (+3).
   It enhances your eyesight.
 G - the +1 pair of gloves of Courage (worn) {Str+3 Int+3 SInv}
   (Okawaru gifted it to you on level 8 of the Lair of Beasts)

   It affects your strength (+3).
   It affects your intelligence (+3).
   It enhances your eyesight.
Magical devices
 e - a wand of disintegration (11)
 f - a wand of teleportation (5)
 o - a wand of hasting (7)
 y - a wand of hasting (3)
 D - a wand of digging (10)
 K - a wand of heal wounds (9)
Comestibles
 g - 13 bread rations
 h - 4 pieces of ambrosia
Scrolls
 j - 2 scrolls of brand weapon
 m - 2 scrolls of vulnerability
 q - 2 scrolls of fog
 v - 7 scrolls of teleportation
 A - 10 scrolls of identify
 E - 2 scrolls of blinking
 L - 3 scrolls of enchant armour
 R - 12 scrolls of remove curse
 Y - 2 scrolls of silence
 Z - a scroll of enchant weapon I
Jewellery
 d - an uncursed amulet of stasis
 k - the ring "Kadupsob" (left hand) {SustAb Str+3 Int+4}
   (You took it off a boggart on level 1 of the Depths)

   [ring of sustain abilities]

   It affects your strength (+3).
   It affects your intelligence (+4).
 p - the ring "Fowko" {rPois rC+}
   (You found it on level 4 of the Realm of Zot)

   [ring of protection from cold]

   It protects you from poison.
 B - an uncursed ring of wizardry
 C - an uncursed amulet of conservation
 I - the amulet of the Firefly {Faith MR+ SInv}
   (You found it in a treasure trove)

   [amulet of faith]

   It affects your resistance to hostile enchantments.
   It enhances your eyesight.
 N - a ring of protection from fire (right hand)
 O - an uncursed amulet of resist mutation
 P - a +0,+7 ring of slaying
 T - the ring of Due Proportion {MP+9 Dex+2 Dam+3, unknown}
   (You found it on level 9 of a ziggurat)

   [ring of magical power]

   It affects your dexterity (+2).
   It affects your damage with ranged weapons and melee attacks (+3).
 U - the ring of Fragile Peace {Ice Dex+4 Int+5}
   (You took it off a deep elf knight on level 3 of the Depths)

   [ring of ice]

   It affects your intelligence (+5).
   It affects your dexterity (+4).
 V - the amulet "Diveh" (around neck) {Clar rN+ Acc+3}
   (You took it off a tengu conjurer on level 1 of the Depths)

   [amulet of clarity]

   It affects your accuracy with ranged weapons and melee attacks (+3).
   It protects you from negative energy.
Potions
 i - 2 potions of restore abilities
 l - 4 potions of resistance
 r - 2 potions of agility
 t - a potion of berserk rage
 u - 7 potions of brilliance
 x - 2 potions of might
 H - a potion of magic
 M - 8 potions of curing
 Q - 3 potions of cure mutation
 S - 5 potions of heal wounds
Magical staves
 w - an uncursed staff of wizardry (weapon)
 W - an uncursed staff of air
Miscellaneous
 J - a legendary deck of defence {the Alchemist, drawn: 1}


   Skills:
 - Level 18.6(18.3) Fighting
 - Level 23.7(23.4) Long Blades
 - Level 20.0(19.7) Armour
 - Level 15.8(15.6) Dodging
 - Level 2.0(1.8) Stealth
 + Level 19.3(19.0) Spellcasting
   Level 1.0(0.8) Conjurations
 - Level 10.0(9.8) Charms
 - Level 20.0(19.7) Necromancy
 - Level 13.0(12.8) Transmutations
 * Level 20.0(19.7) Air Magic


You had 6 spell levels left.
You knew the following spells:

 Your Spells              Type           Power        Failure   Level  Hunger
a - Song of Slaying       Chrm           ######..     1%          2    None
b - Blink                 Tloc           N/A          1%          2    None
c - Sublimation of Blood  Necr           #######...   0%          2    None
d - Tornado               Air            #######...   22%         9    #######
e - Apportation           Tloc           ###.......   1%          1    None
x - Swiftness             Chrm/Air       #######.     0%          2    None
z - Regeneration          Chrm/Necr      #######...   0%          3    None
B - Summon Butterflies    Summ           ###.....     1%          1    None
C - Cure Poison           Pois           ###.......   1%          2    None
D - Death's Door          Chrm/Necr      #######...   14%         8    ######.
F - Flight                Chrm/Air       #######...   0%          3    None
S - Silence               Hex/Air        ######....   1%          5    None
T - Control Teleport      Chrm/Tloc      ######....   1%          4    None
X - Deflect Missiles      Chrm/Air       #######...   1%          6    ##.....
Z - Necromutation         Trmt/Necr      #######...   9%          8    ######.


Dungeon Overview and Level Annotations

Branches:
Dungeon (15/15)            Temple (1/1) D:6             Orc (4/4) D:9
    Elf (3/3) Orc:3          Lair (8/8) D:11         Shoals (5/5) Lair:6
 Spider (5/5) Lair:4        Slime (6/6) Lair:8       Vaults (5/5) D:14
  Blade (1/1) Vaults:4      Crypt (5/5) Vaults:2       Tomb (0/3) Crypt:2
   Hell (1/1)                 Zot (5/5) Depths:5     Depths (5/5) D:15
    Dis: Hell:1         Geh: Hell:1         Coc: Hell:1         Tar: Hell:1

Altars:
Ashenzari
Cheibriados
Dithmenos
Elyvilon
Fedhas
Kikubaaqudgha
Makhleb
Nemelex Xobeh
Okawaru
Sif Muna
Trog
Vehumet
Xom
Yredelemnul
Zin
The Shining One
Beogh

Shops:
D:6 :   D:9 (*   D:10 (   Orc:4 [(*=   Elf:3 }   Shoals:5 *   Vaults:5 (

Portals:
Hell: Depths:1 Depths:2 Depths:3 Depths:4 Depths:5
Abyss: Depths:3 Depths:4 Depths:5
Pandemonium: Depths:3
Ziggurat: Depths:4

Annotations:
Abyss:1 Margery


Innate Abilities, Weirdness & Mutations

You have hooves in place of feet.*
You are completely covered in rough black scales (AC +10, Dex -3).*
A powerful demonic guardian rushes to your aid.
Your magical and physical power is greatly enhanced at high health.
When hurt, damage is shared between your health and your magic reserves.
You regenerate magic rapidly.
When low on magic, you restore magic in place of health.
Your natural rate of healing is unusually fast.


Message History

* * * LOW HITPOINT WARNING * * *
The elf skeleton barely misses your cacodemon.
Unknown command.
Drink which item? (? for menu, Esc to quit)
You feel much better.
The Shadow Fiend calls on the powers of darkness!
Your body is wracked with pain!
* * * LOW HITPOINT WARNING * * *
Your cacodemon hits the shadow demon. Your cacodemon hits the shadow demon!
The sun demon barely misses you. The soul eater barely misses you.
The shadow demon hits your cacodemon but does no damage.
The skeletal warrior barely misses you. The Shadow Fiend gestures at you.
The bolt of negative energy hits the skeletal warrior.
The skeletal warrior completely resists.
The bolt of negative energy misses you. The reaper hits you but does no damage.
The skeletal warrior hits you from afar with a glaive!
* * * LOW HITPOINT WARNING * * *
The reaper hits you from afar with a glowing scythe!
You die...

▓.z3Z1zzf.....▓▓
▓|[...2ff#.4....▓▓
∩(Z.zz##§#§......▓▓
>?|.§§§.§§§.....∩.▓
▓∩§z.§§§#§##......▓▓
▓!...1z#§§......▓▓
▓..1z2z2......▓▓
▓..3.2zz....▓▓
▓..@324...▓▓
▓▓▓▓▓▓▓▓▓▓▓


You could see a curse toe, 2 Shadow Fiends, 2 reapers, 4 skeletal warriors, a
soul eater, a sun demon, a shadow demon, a sixfirhy, a golden dragon skeleton
(wandering), an elf skeleton and a friendly cacodemon.

Vanquished Creatures
  Cerebov (Pan)
  the royal jelly (Slime:6)
  2 orbs of fire (Zot:5)
  Tiamat (Zot:5)
  3 ancient liches
  3 curse toes
  Sojobo (Depths:3)
  Mennas (Depths:3)
  Geryon (Hell)
  3 Killer Klowns (Zot:5)
  7 golden dragons
  Jory (Crypt:1)
  16 bone dragons
  Xtahua (Depths:3)
  8 Brimstone Fiends (Pan)
  5 electric golems
  7 pandemonium lords (Pan)
  8 Hell Sentinels (Pan)
  22 Orb Guardians (Zot:5)
  A hellephant (Depths:3)
  Asterion (Shoals:1)
  16 tentacled monstrosities
  5 Ice Fiends (Pan)
  22 titans
  11 tentacled starspawn
  2 Shadow Fiends (Pan)
  9 acid blobs
  10 liches
  2 quicksilver dragons
  7 Executioners (Pan)
  20 storm dragons
  5 sphinxes
  7 deep elf master archers
  3 blood saints (Pan)
  Rupert (Vaults:3)
  Agnes (Vaults:3)
  2 deep elf blademasters
  Frances (Shoals:2)
  3 warmongers (Pan)
  11 ancient champions
  12 tengu reavers
  5 shadow dragons
  5 azure jellies
  A draconian monk (Zot:2)
  4 daevas (Pan)
  A revenant (Crypt:3)
  2 ghouls
  2 draconian scorchers
  Wiglaf (Vaults:3)
  2 greater nagas (Zig:4)
  14 vault wardens
  6 draconian knights
  17 fire giants
  4 deep elf sorcerers (Elf:3)
  An iron dragon (Vaults:5)
  20 frost giants
  Aizul (Vaults:3)
  7 ghost moths
  2 draconian zealots
  4 war gargoyles
  7 cacodemons
  20 balrugs
  5 draconian annihilators
  2 angels (Pan)
  4 draconian shifters
  4 emperor scorpions
  A spriggan defender (Depths:5)
  The ghost of Yermak the Imperceptible, a powerful SpAs of Dithmenos (Shoals:3)
  23 stone giants
  11 reapers
  6 orc warlords
  7 deep elf demonologists
  A draconian caller (Zot:5)
  7 vampire knights
  The ghost of Heini the Severer, a powerful HOFi of Okawaru (Spider:1)
  3 salamander firebrands
  5 grey draconians
  An apis (Zig:6)
  6 green draconians
  9 red draconians
  8 chaos champions (Pan)
  4 lorocyprocas (Pan)
  2 corrupters (Pan)
  5 white draconians
  4 curse skulls
  5 purple draconians
  8 yellow draconians
  12 ettins
  7 mottled draconians
  3 dire elephants
  8 black draconians
  An unborn (Crypt:4)
  6 pale draconians
  31 vault guards
  2 black suns (Pan)
  4 merfolk javelineers (Shoals:5)
  9 eidola
  8 green deaths (Pan)
  A crystal guardian (Abyss:2)
  14 deep elf annihilators
  17 ironheart preservers
  2 sirens (Shoals:5)
  9 jiangshi
  4 death oozes (Slime:6)
  5 giant orange brains
  Josephine (D:14)
  A quicksilver dragon zombie (Hell)
  6 deep elf high priests
  6 merfolk impalers
  11 blizzard demons
  14 fire dragons
  9 rakshasas
  15 ice dragons
  7 great orbs of eyes
  12 death cobs
  2 minotaurs
  4 hydras
  8 yaktaur captains
  2 naga warriors
  21 monstrous demonspawn (Pan)
  7 deep elf death magi
  A shambling mangrove (Zig:6)
  Nessos (D:12)
  6 spriggan air magi
  A hydra (shapeshifter) (Zig:7)
  4 ravenous feature mimics
  An alligator (Depths:3)
  20 dancing weapons
  2 alligator snapping turtles (Depths:3)
  18 ogre magi
  The ghost of psychoDad the Thaumaturge, a powerful HEWz of Vehumet (Lab)
  Erica (D:12)
  The ghost of Bikaver the Grappler, an experienced TrMo (Bailey)
  5 deep troll earth magi
  A satyr (Shoals:3)
  10 tengu warriors
  6 merfolk aquamancers
  3 hell hogs (Hell)
  A plague shambler (Crypt:4)
  4 deep dwarf death knights
  9 deep troll shamans
  7 spriggan berserkers
  6 vampire magi
  4 orc high priests
  29 death yaks
  7 thrashing horrors
  An iron golem (Hell)
  A naga sharpshooter (Zig:4)
  A spectral elf (Elf:3)
  Nergalle (Elf:1)
  A titan skeleton (Crypt:2)
  10 wretched stars
  31 sun demons
  7 very ugly things
  Harold (Lair:3)
  A storm dragon skeleton (Hell)
  12 shadow wraiths
  11 iron trolls
  6 soul eaters
  5 hell knights (Depths:3)
  22 deep elf knights
  2 fire crabs (Abyss:4)
  A fire crab (shapeshifter) (Abyss:1)
  2 spatial maelstroms
  A death drake (shapeshifter) (Vaults:5)
  16 gelid demonspawn (Pan)
  37 skeletal warriors
  9 flayed ghosts
  17 infernal demonspawn (Pan)
  A death drake (Abyss:3)
  14 ice devils
  13 putrid demonspawn (Pan)
  16 torturous demonspawn (Pan)
  2 ice statues (IceCv)
  15 sea snakes
  A salamander mystic (Volcano)
  11 water nymphs
  14 orb spiders
  2 shadow dragon zombies
  4 shadow demons (Pan)
  A golden dragon skeleton (Hell)
  29 large abominations
  9 deep elf summoners
  7 wizards
  12 ironbrand convokers
  3 unseen horrors
  4 lindwurms
  A sphinx zombie (Crypt:4)
  26 deep trolls
  3 catoblepae
  A spectral hydra (Crypt:4)
  A mana viper (Depths:3)
  12 harpies
  20 orc knights
  A wolf spider zombie (Crypt:1)
  4 flaming corpses
  2 hellions (Pan)
  26 wolf spiders
  16 centaur warriors
  An anaconda skeleton (Crypt:4)
  A spectral fire dragon (Crypt:3)
  16 phantasmal warriors
  13 necromancers
  11 orc sorcerers
  10 fauns
  2 shadow dragon skeletons (Crypt:1)
  31 sixfirhies
  3 stone giant zombies
  20 deep elf conjurers
  A red wasp (shapeshifter) (Elf:3)
  5 salamanders (Volcano)
  A very ugly thing skeleton (Crypt:5)
  5 red wasps
  A wolf spider (shapeshifter) (Vaults:5)
  A tengu skeleton (Vaults:4)
  A frost giant zombie (Hell)
  11 manticores
  3 worldbinders
  3 fire giant skeletons
  12 hill giants
  8 griffons
  An iron dragon skeleton (Crypt:5)
  An octopode (shapeshifter) (Depths:1)
  7 mermaids
  17 cyclopes
  2 molten gargoyles (Volcano)
  A black mamba (shapeshifter) (Vaults:4)
  A demonspawn zombie (Pan)
  An eye of devastation (Slime:3)
  4 apocalypse crabs
  5 stone giant skeletons
  4 shining eyes
  A draconian (shapeshifter) (D:11)
  27 moths of wrath
  2 black mambas
  20 vault sentinels
  5 guardian serpents
  A guardian serpent (shapeshifter) (Vaults:1)
  3 naga magi
  31 orange demons
  10 efreet
  An emperor scorpion zombie (Crypt:1)
  24 smoke demons
  7 spiny frogs
  11 elephants
  11 tormentors
  47 yaktaurs
  2 centaur zombies
  A dire elephant skeleton (Crypt:2)
  3 gargoyles
  A tengu conjurer (Depths:1)
  A death yak zombie (Crypt:1)
  An item mimic (Spider:3)
  3 kobold demonologists
  A white draconian zombie (Crypt:3)
  A redback zombie (Vaults:1)
  4 trolls
  15 freezing wraiths
  A ghoul skeleton (Crypt:2)
  A red draconian skeleton (Crypt:2)
  A queen ant (Lair:7)
  7 boggarts
  A fire drake (D:11)
  15 demonic crawlers
  A yaktaur skeleton (Vaults:1)
  Grinder (D:6)
  10 hell beasts
  An iron troll zombie (Crypt:3)
  A guardian mummy (Pan)
  A spectral harpy (Crypt:3)
  A fire drake (shapeshifter) (Depths:1)
  8 ancient zymes
  A jumping spider (shapeshifter) (Depths:3)
  4 komodo dragons
  A queen bee (shapeshifter) (Depths:1)
  20 red devils
  A golden dragon simulacrum (Crypt:1)
  A komodo dragon (shapeshifter) (Vaults:5)
  3 silent spectres
  16 deep elf priests
  26 hellwings
  A giant firefly (shapeshifter) (Depths:3)
  A yellow draconian skeleton (Crypt:2)
  25 two-headed ogres
  6 iron devils
  A minotaur zombie (Lab)
  20 jumping spiders
  A slime creature (shapeshifter) (Depths:3)
  A trapdoor spider zombie (Crypt:5)
  8 giant fireflies
  19 blue devils
  Prince Ribbit (Orc:1)
  A moth of wrath zombie (Crypt:1)
  A shadow dragon simulacrum (Vaults:4)
  3 hydra skeletons
  2 wind drakes
  A harpy skeleton (D:15)
  59 slime creatures
  8 vampires
  An ettin zombie (Crypt:2)
  9 boulder beetles
  A dragon zombie (Crypt:2)
  13 ravens
  25 ynoxinuls
  A boulder beetle (shapeshifter) (Depths:1)
  30 merfolk
  An alligator zombie (Abyss:2)
  A baby alligator (shapeshifter) (D:15)
  2 griffon zombies
  12 blink frogs
  18 flying skulls
  17 tarantellas
  A deep troll skeleton (Depths:1)
  9 air elementals
  A fire dragon skeleton (Crypt:2)
  24 trapdoor spiders
  16 brown oozes
  23 water elementals
  10 shadows
  2 ettin skeletons
  A griffon skeleton (Crypt:2)
  28 redbacks
  A hippogriff (shapeshifter) (D:15)
  17 wraiths
  12 neqoxecs
  11 raiju
  47 yaks
  3 fire elementals (Hell)
  5 spriggans
  5 wyverns
  A black mamba skeleton (Crypt:1)
  6 hungry ghosts
  8 snapping turtles
  A frost giant simulacrum (Crypt:1)
  A hill giant zombie (D:15)
  30 deep elf magi
  2 yaktaur simulacra (Vaults:1)
  2 elephant slugs
  13 hippogriffs
  9 vampire mosquitoes
  27 deep elf fighters
  6 nagas
  2 fire bats
  2 steam dragons
  28 wolves
  An iron troll simulacrum (Vaults:2)
  10 wargs
  2 chaos spawn
  2 golden eyes (Slime:6)
  3 basilisks
  2 hill giant skeletons (D:14)
  A merfolk zombie (Crypt:2)
  Edmund (D:8)
  A spriggan (shapeshifter) (Elf:3)
  2 gelid demonspawn zombies (Pan)
  2 human zombies
  An infernal demonspawn zombie (Crypt:4)
  2 spatial vortices (Abyss:2)
  A deep troll zombie (Vaults:1)
  2 ogre zombies
  A hydra simulacrum (Crypt:4)
  7 hell hounds
  2 mottled dragons
  A putrid demonspawn zombie (Pan)
  A water nymph zombie (Crypt:4)
  A spectral spriggan (Crypt:1)
  43 ugly things
  24 spiders
  A spider (shapeshifter) (Elf:1)
  A deep troll simulacrum (Depths:1)
  3 faun skeletons
  7 sharks
  43 orc warriors
  18 small abominations
  3 black bears
  11 ice beasts
  6 sky beasts
  6 soldier ants (Lair:7)
  A putrid demonspawn skeleton (Crypt:4)
  3 swamp drakes
  2 phantoms
  An ettin simulacrum (Depths:1)
  A manticore zombie (D:11)
  A necrophage (D:12)
  A spiny frog skeleton (Crypt:1)
  3 lava worms (Volcano)
  58 ogres
  An orc skeleton (D:15)
  2 big kobolds
  16 centaurs
  Sigmund (D:2)
  A hill giant simulacrum (D:14)
  A mermaid skeleton (Crypt:5)
  2 snapping turtle skeletons
  A fire drake zombie (Crypt:3)
  3 manticore skeletons
  A yaktaur zombie (Vaults:4)
  2 salamander zombies
  A brain worm (Abyss:3)
  15 crocodiles
  13 water moccasins
  Blork the orc (D:3)
  2 silver statues
  A gnoll sergeant (D:7)
  24 giant frogs
  2 cyclops zombies
  2 elf skeletons (Crypt:2)
  11 scorpions
  An eye of draining (shapeshifter) (Vaults:4)
  7 giant slugs
  9 porcupines
  A cyclops skeleton (D:13)
  6 eyes of draining
  18 killer bees
  A polar bear skeleton (Crypt:3)
  A queen bee zombie (Crypt:1)
  A snapping turtle simulacrum (Crypt:2)
  A manticore simulacrum (Hell)
  A hippogriff skeleton (Crypt:4)
  15 wights
  9 electric eels (D:13)
  A raiju skeleton (Crypt:5)
  A boring beetle (Lair:5)
  3 lava snakes (Volcano)
  14 crimson imps
  A giant frog zombie (D:10)
  3 human simulacra
  A wolf zombie (Crypt:1)
  9 iguanas
  10 jellies
  A soldier ant zombie (Crypt:1)
  A giant frog skeleton (D:11)
  5 iron imps
  50 starcursed masses
  10 hounds
  17 orc priests
  A yellow wasp zombie (D:12)
  A demonspawn skeleton (Crypt:4)
  2 quasits
  A human skeleton (Crypt:1)
  6 orange rats
  28 orc wizards
  Natasha (D:5)
  3 big fish
  A lightning spire (Zig:6)
  35 worker ants
  A big kobold zombie (Crypt:5)
  4 goliath beetles
  47 sheep
  A big kobold skeleton (Crypt:5)
  A tengu zombie (Crypt:5)
  A demigod skeleton (Crypt:2)
  A felid skeleton (Crypt:3)
  A mottled dragon skeleton (D:14)
  2 ogre skeletons
  2 mummies
  28 adders
  12 gnolls
  3 scorpion zombies
  51 green rats
  7 shadow imps
  4 worms
  7 giant mites
  34 ufetubi
  22 white imps
  A halfling skeleton (Crypt:2)
  An adder zombie (Crypt:3)
  An iguana skeleton (D:11)
  10 giant eyeballs
  4 oozes
  193 orcs
  A bat skeleton (D:4)
  7 giant cockroaches
  19 goblins
  17 hobgoblins
  31 jackals
  11 quokkas
  4 ball pythons
  27 bats
  9 giant geckos
  A giant gecko skeleton (D:8)
  8 giant newts
  A giant spore (D:11)
  A gnoll skeleton (D:4)
  2 goblin zombies (D:5)
  A green rat skeleton (Crypt:3)
  29 kobolds
  A kobold zombie (Crypt:4)
  2 orc zombies (Vaults:3)
  26 rats
  A spectral orc (Elf:1)
  2 ballistomycetes (D:11)
  A butterfly (Lair:1)
  A fungus (Elf:3)
  4 grand avatars (Pan)
  7 plants
  6 starspawn tentacles
3915 creatures vanquished.

Vanquished Creatures (collateral kills)
  4 ancient liches
  A curse toe (Zot:4)
  Norris (Spider:4)
  Mara (Depths:1)
  A pandemonium lord (Pan)
  A bone dragon (Vaults:4)
  Frederick (Vaults:3)
  Nikola (Shoals:2)
  A lich (Depths:1)
  3 Orb Guardians (Zot:5)
  A deep elf master archer (Abyss:4)
  2 deep elf blademasters
  An acid blob (Slime:6)
  2 storm dragons
  A blood saint (Pan)
  An ancient champion (Crypt:5)
  A shadow dragon (Vaults:4)
  Ilsuiw (Shoals:5)
  A fire giant (Depths:3)
  A frost giant (Abyss:1)
  Maud (Shoals:1)
  A cacodemon (Hell)
  A draconian scorcher (Depths:5)
  3 vault wardens
  2 emperor scorpions (Spider:5)
  Jorgrun (Depths:1)
  3 stone giants
  2 deep elf demonologists
  A salamander firebrand (Depths:3)
  A white draconian (Zot:5)
  A mottled draconian (shapeshifter) (Vaults:1)
  A deep elf death mage (Abyss:2)
  5 vault guards (Vaults:4)
  2 merfolk javelineers
  4 merfolk impalers
  2 jiangshi
  2 great orbs of eyes
  3 ironheart preservers
  An ogre mage (Vaults:1)
  A monstrous demonspawn (Pan)
  A merfolk aquamancer (Shoals:5)
  A deep troll shaman (Depths:5)
  A satyr (Shoals:5)
  2 hydras
  2 death yaks
  A soul eater (Hell)
  A sun demon (Hell)
  An ice devil (Zig:5)
  8 deep elf knights
  2 skeletal warriors (Crypt:3)
  3 hell beasts (Hell)
  3 deep trolls
  2 sea snakes
  3 water nymphs
  A flayed ghost (Crypt:5)
  5 orb spiders
  A hell knight (Depths:3)
  A giant orange brain (Depths:3)
  A putrid demonspawn (Pan)
  2 deep elf conjurers
  2 necromancers
  A griffon (Vaults:1)
  A wolf spider (Vaults:1)
  2 orc knights
  3 hill giants
  A fire giant zombie (Zig:10)
  3 cyclopes (Shoals:3)
  3 fauns
  2 vault sentinels
  A moth of wrath (Spider:4)
  An apocalypse crab (Abyss:1)
  A sixfirhy (Pan)
  A guardian serpent (Depths:3)
  A black mamba (Lair:4)
  2 mermaids
  A gargoyle (D:9)
  A demonic crawler (Spider:5)
  A yaktaur (Vaults:1)
  A hellwing (Pan)
  2 tengu conjurers
  5 jumping spiders
  A queen bee (Spider:4)
  A giant firefly (Lair:8)
  3 merfolk
  2 deep elf magi
  2 snapping turtles (Shoals:5)
  A vampire (Crypt:5)
  3 redbacks
  A brown ooze (Slime:6)
  A ynoxinul (Abyss:1)
  5 trapdoor spiders
  3 fire bats (Abyss:1)
  An ugly thing (Depths:1)
  A water elemental (Shoals:5)
  A yak (D:9)
  A shadow (Depths:3)
  A tarantella (Spider:5)
  3 deep elf fighters
  A warg (D:9)
  2 necrophages (Zig:10)
  A small abomination (Abyss:1)
  A spider (Spider:4)
  An orc warrior (D:15)
  A giant frog (D:9)
  A killer bee (Vaults:2)
  3 starcursed masses (Abyss:1)
  A jelly (Slime:5)
  An orc zombie (Orc:4)
  A shadow imp (Zig:10)
  An ufetubus (Abyss:1)
  An orc (Bailey)
  A fungus (Lair:7)
191 creatures vanquished.

Vanquished Creatures (others)
  14 Executioners
  A tengu reaver (Vaults:4)
  20 cacodemons
  20 balrugs
  A stone giant (Abyss:3)
  18 reapers
  A yellow draconian (Zot:4)
  2 deep elf high priests
  An ironheart preserver (Vaults:4)
  14 sun demons
  7 soul eaters
  2 hell knights (Depths:3)
  10 ice devils
  An orb spider (Spider:2)
  13 sixfirhies
  2 moths of wrath
  4 drowned souls (Shoals:5)
  15 smoke demons
  An orange demon (Zot:3)
  A yaktaur (Vaults:4)
  A blue devil (Pan)
  A jumping spider (Spider:2)
  A shadow (D:15)
  A water elemental (Depths:4)
  4 air elementals
  A golden eye (Pan)
  2 neqoxecs (Abyss:4)
  A yaktaur simulacrum (Depths:1)
  A deep troll skeleton (Vaults:3)
  An ogre (Vaults:5)
  A centaur (Vaults:4)
  9 lost souls
  An elf simulacrum (Depths:1)
  20 crimson imps
  20 quasits
  20 iron imps
  An adder (Zig:4)
  24 white imps
  40 ufetubi
  2 orcs
  A kobold (Sewer)
  A butterfly (Hell)
  4 fungi
  5 plants
  31 starspawn tentacles
  354 starspawn tentacle segments
696 creatures vanquished.

Grand Total: 4802 creatures vanquished

Notes
Turn   | Place    | Note
--------------------------------------------------------------
     0 | D:1      | Rafi, the Demonspawn Air Elementalist, began the quest for the Orb.
     0 | D:1      | Reached XP level 1. HP: 13/13 MP: 3/3
    83 | D:1      | Reached skill level 1 in Fighting
    83 | D:1      | Gained mutation: When hurt, damage is shared between your health and your magic reserves. [demonic ancestry]
    83 | D:1      | Reached XP level 2. HP: 18/21 MP: 0/4
   605 | D:1      | Reached skill level 3 in Air Magic
   867 | D:2      | Noticed Sigmund
   950 | D:1      | Reached XP level 3. HP: 26/26 MP: 0/6
  1151 | D:2      | Found a snail-covered altar of Cheibriados.
  1153 | D:2      | Found a basalt altar of Yredelemnul.
  1313 | D:2      | Reached skill level 1 in Armour
  1360 | D:2      | Gained mutation: You have large cloven feet. [demonic ancestry]
  1360 | D:2      | Reached XP level 4. HP: 28/33 MP: 0/8
  1539 | D:2      | Found a burning altar of Makhleb.
  1673 | D:3      | Noticed an ice beast
  1760 | D:3      | Killed an ice beast
  1760 | D:3      | Gained mutation: You regenerate magic rapidly. [demonic ancestry]
  1760 | D:3      | Reached XP level 5. HP: 4/41 MP: 1/10
  1771 | D:3      | alive!
  1855 | D:3      | Found a glowing drain.
  1909 | Sewer    | Entered a sewer
  1962 | Sewer    | Learned a level 3 spell: Flight
  1965 | Sewer    | Learned a level 2 spell: Repel Missiles
  1968 | Sewer    | Learned a level 2 spell: Swiftness
  2389 | Sewer    | Reached XP level 6. HP: 33/47 MP: 3/12
  2937 | Sewer    | wierd..
  3566 | D:3      | Noticed Blork the orc
  3666 | D:3      | Killed Blork the orc
  3692 | D:3      | Found a deep blue altar of Sif Muna.
  3748 | D:4      | Found a white marble altar of Elyvilon.
  3749 | D:4      | hmm...
  3749 | D:4      | beneficial?
  3749 | D:4      | Gained mutation: Your natural rate of healing is unusually fast. [potion of beneficial mutation]
  3754 | D:4      | nice!
  3804 | D:4      | Reached skill level 4 in Fighting
  4096 | D:4      | Gained mutation: You have hoof-like feet. [demonic ancestry]
  4096 | D:4      | Reached XP level 7. HP: 46/55 MP: 4/14
  4496 | D:4      | Reached skill level 5 in Fighting
  4604 | D:4      | Paralysed by a giant eyeball for 4 turns
  4610 | D:4      | Paralysed by a giant eyeball for 4 turns
  4666 | D:5      | Entered Level 5 of the Dungeon
  5129 | D:5      | Reached skill level 6 in Fighting
  5129 | D:5      | Gained mutation: You are partially covered in rough black scales (AC +4, Dex -1). [demonic ancestry]
  5129 | D:5      | Reached XP level 8. HP: 56/64 MP: 14/16
  5528 | D:5      | Noticed Natasha
  5544 | D:5      | Killed Natasha
  5797 | D:6      | Reached skill level 5 in Dodging
  5861 | D:6      | Reached skill level 7 in Fighting
  5885 | D:6      | Found a staircase to the Ecumenical Temple.
  5957 | Temple   | Entered the Ecumenical Temple
  6027 | Temple   | Became a worshipper of Warmaster Okawaru
  6089 | D:6      | Noticed Grinder
  6263 | D:6      | Found Xampiad's Book Emporium.
  6372 | D:6      | Reached skill level 1 in Long Blades
  6412 | D:4      | Reached skill level 8 in Fighting
  6510 | D:2      | Killed Sigmund
  6652 | D:6      | Acquired Okawaru's first power
  6839 | D:6      | Gained mutation: When low on magic, you restore magic in place of health. [demonic ancestry]
  6839 | D:6      | Reached XP level 9. HP: 58/75 MP: 13/17
  7049 | D:6      | Paralysed by Grinder for 5 turns
  7068 | D:6      | Killed Grinder
  7676 | D:7      | Reached skill level 5 in Long Blades
  7845 | D:7      | Reached skill level 9 in Fighting
  8270 | D:8      | Noticed Edmund
  8271 | D:8      | why?
  8287 | D:8      | Killed Edmund
  8372 | D:8      | Found a flagged portal.
  8415 | Bailey   | Entered a bailey
  8419 | Bailey   | no chance, return
  8571 | Bailey   | time to retreat
  8618 | Bailey   | Gained mutation: A weak demonic guardian rushes to your aid. [demonic ancestry]
  8618 | Bailey   | Reached XP level 10. HP: 42/83 MP: 11/18
  8781 | Bailey   | Noticed Bikaver's ghost (experienced TrMo)
  8822 | Bailey   | Killed Bikaver's ghost
  9023 | Bailey   | Noticed an orc knight
  9023 | Bailey   | Noticed an orc knight
  9079 | Bailey   | Reached skill level 10 in Fighting
  9205 | Bailey   | Noticed an orc knight
  9250 | Bailey   | Killed an orc knight
  9341 | Bailey   | Killed an orc knight
  9447 | Bailey   | Killed an orc knight
  9530 | Bailey   | Noticed an orc knight
  9538 | Bailey   | Noticed an orc knight
  9571 | Bailey   | Killed an orc knight
  9583 | Bailey   | Killed an orc knight
 10202 | D:8      | Found an ancient bone altar of Kikubaaqudgha.
 10379 | D:9      | Found Ushe's Antique Weapon Shoppe.
 10388 | D:9      | Bought a glowing claymore for 260 gold pieces
 10394 | D:9      | Identified a scroll of acquirement
 10401 | D:9      | fuck...
 10439 | D:9      | Found a staircase to the Orcish Mines.
 10658 | D:9      | Reached XP level 11. HP: 67/92 MP: 20/20
 10659 | D:9      | Found Sedeefi's Assorted Antiques.
 10759 | D:9      | Reached skill level 10 in Long Blades
 11064 | D:9      | Reached skill level 11 in Fighting
 11503 | D:9      | Bought a potion of heal wounds for 87 gold pieces
 11503 | D:9      | Bought a scroll of identify for 58 gold pieces
 11503 | D:9      | Bought a scroll of magic mapping for 101 gold pieces
 11505 | D:9      | Reached skill level 5 in Armour
 11505 | D:9      | Gained mutation: You are mostly covered in rough black scales (AC +7, Dex -2). [demonic ancestry]
 11505 | D:9      | Reached XP level 12. HP: 98/101 MP: 20/20
 11776 | D:10     | Entered Level 10 of the Dungeon
 11846 | D:10     | Reached skill level 12 in Fighting
 12038 | D:10     | Found Clacsig's Weapon Boutique.
 12612 | D:11     | Acquired Okawaru's second power
 12654 | D:11     | Found a staircase to the Lair.
 12725 | D:11     | Paralysed by a giant eyeball for 2 turns
 13027 | D:11     | Noticed a six-headed hydra
 13045 | D:11     | Killed a ten-headed hydra
 13134 | D:11     | just in time!
 13247 | D:11     | Identified a +0 pair of boots of running (You found it on level 11 of the Dungeon)
 13247 | D:11     | yeah, right, how many turns left to enjoy these boots?
 13328 | D:11     | fucking heck
 13332 | D:11     | FUCK!
 13338 | D:11     | don't change your mind!
 13407 | Lair:1   | Entered Level 1 of the Lair of Beasts
 13655 | Lair:1   | Received a gift from Okawaru
 13658 | Lair:1   | WTF?
 13762 | Lair:1   | Gained mutation: You are completely covered in rough black scales (AC +10, Dex -3). [demonic ancestry]
 13762 | Lair:1   | Reached XP level 13. HP: 84/108 MP: 21/21
 15105 | Lair:2   | this is insane
 15105 | Lair:2   | (weapon selection)
 15525 | Lair:3   | Noticed Harold
 15550 | Lair:3   | Killed Harold
 15631 | Lair:3   | Received a gift from Okawaru
 15635 | Lair:3   | Got a twisted great sword {god gift}
 15636 | Lair:3   | Identified the +10,+4 great sword "Voezaemn" {speed, rN+ Int+3} (Okawaru gifted it to you on level 3 of the Lair of Beasts)
 15637 | Lair:3   | pretty nice!
 16520 | Lair:4   | Found a hole to the Spider Nest.
 16646 | Lair:4   | Received a gift from Okawaru
 17201 | Lair:5   | Reached skill level 10 in Dodging
 17721 | Lair:5   | Reached skill level 13 in Long Blades
 17822 | Lair:6   | Gained mutation: Your magical and physical power is slightly enhanced at high health. [demonic ancestry]
 17822 | Lair:6   | Reached XP level 14. HP: 101/116 MP: 18/22
 17869 | Lair:6   | Found a dark tunnel.
 17891 | Volcano  | Entered a volcano
 18172 | Volcano  | Found a radiant altar of Vehumet.
 18198 | Volcano  | Reached skill level 10 in Armour
 18338 | Volcano  | Received a gift from Okawaru
 18650 | Lair:6   | Found a staircase to the Shoals.
 20223 | Lair:8   | Entered Level 8 of the Lair of Beasts
 20555 | Lair:8   | Received a gift from Okawaru
 20563 | Lair:8   | Got a pair of heavily runed gloves {god gift}
 20573 | Lair:8   | Identified the +1 pair of gloves of Courage {Str+3 Int+3 SInv} (Okawaru gifted it to you on level 8 of the Lair of Beasts)
 20573 | Lair:8   | sooo nice!
 20961 | Lair:8   | Reached skill level 5 in Spellcasting
 21004 | Lair:8   | Learned a level 3 spell: Regeneration
 21328 | Lair:8   | Found a staircase to the Slime Pits.
 21479 | Shoals:1 | Entered Level 1 of the Shoals
 21484 | Shoals:1 | Reached skill level 1 in Charms
 21486 | Shoals:1 | one level of cold resistance is not enough
 21532 | Shoals:1 | Found a frozen archway.
 21550 | IceCv    | Entered an ice cave
 21660 | IceCv    | Gained mutation: A demonic guardian rushes to your aid. [demonic ancestry]
 21660 | IceCv    | Reached XP level 15. HP: 114/125 MP: 27/27
 22324 | Shoals:1 | Noticed Asterion
 22344 | Shoals:1 | Noticed a spectral weapon
 22348 | Shoals:1 | Killed Asterion
 22348 | Shoals:1 | Received a gift from Okawaru
 22358 | Shoals:1 | YES!
 22638 | Shoals:1 | Noticed Maud
 22651 | Shoals:1 | Killed Maud
 23016 | Shoals:2 | Noticed Nikola
 23016 | Shoals:2 | oh fuck
 23090 | Shoals:2 | Killed Nikola
 23269 | Shoals:2 | Learned a level 2 spell: Blink
 23606 | Shoals:2 | Noticed Frances
 23621 | Shoals:2 | Killed Frances
 23621 | Shoals:2 | Received a gift from Okawaru
 23643 | Shoals:2 | Got a pair of dazzling gloves {god gift}
 23647 | Shoals:2 | Identified the +2 pair of gloves "Ydiv" {Dex+2 Int+5} (Okawaru gifted it to you on level 2 of the Shoals)
 24148 | Shoals:3 | Noticed Yermak's ghost (powerful SpAs)
 24178 | Shoals:3 | Reached skill level 14 in Long Blades
 24192 | Shoals:3 | Killed Yermak's ghost
 24240 | Shoals:3 | Reached skill level 5 in Air Magic
 24343 | Shoals:3 | Reached XP level 16. HP: 120/132 MP: 25/30
 24920 | Shoals:5 | Entered Level 5 of the Shoals
 25013 | Shoals:5 | Found Peluavir's Assorted Antiques.
 25123 | Shoals:5 | Reached skill level 5 in Charms
 25126 | Shoals:5 | Received a gift from Okawaru
 25130 | Shoals:5 | Got a barnacled rune of Zot
 25135 | Shoals:5 | first one
 25451 | Shoals:5 | Noticed Ilsuiw
 25635 | Shoals:5 | Killed Ilsuiw
 25703 | Shoals:5 | gosh
 25703 | Shoals:5 | that was touhg
 25703 | Shoals:5 | *tough
 25754 | Shoals:5 | Learned a level 3 spell: Mephitic Cloud
 25756 | Shoals:5 | Learned a level 1 spell: Magic Dart
 25781 | Shoals:5 | that might come in handy!
 26326 | Shoals:5 | Reached skill level 15 in Long Blades
 26405 | Shoals:5 | Bought a scroll of enchant weapon II for 170 gold pieces
 26910 | Spider:1 | Entered Level 1 of the Spider Nest
 27090 | Spider:1 | Noticed Heini's ghost (powerful HOFi)
 27117 | Spider:1 | Killed Heini's ghost
 27625 | Spider:2 | Gained mutation: You have hooves in place of feet. [demonic ancestry]
 27625 | Spider:2 | Reached XP level 17. HP: 138/138 MP: 32/32
 27641 | Spider:2 | sorry
 28687 | Spider:5 | Entered Level 5 of the Spider Nest
 28934 | Spider:4 | Noticed Norris
 29337 | Spider:4 | Killed Norris
 29512 | Spider:4 | Received a gift from Okawaru
 29724 | Spider:4 | Learned a level 1 spell: Summon Butterflies
 29768 | Spider:4 | Identified a +0 rod of ignition (9/9) (You found it on level 4 of the Spider Nest)
 30422 | Spider:5 | Received a gift from Okawaru
 30748 | Spider:5 | Got a gossamer rune of Zot
 31586 | Orc:1    | Entered Level 1 of the Orcish Mines
 31586 | Orc:1    | Noticed Prince Ribbit
 31600 | Orc:1    | Killed Prince Ribbit
 32341 | Orc:3    | Reached skill level 16 in Long Blades
 32499 | Orc:4    | Entered Level 4 of the Orcish Mines
 32687 | Orc:3    | Found a staircase to the Elven Halls.
 33462 | Orc:4    | Found a roughly hewn altar of Beogh.
 33622 | Orc:4    | Found Sivvutai's Jewellery Shoppe.
 33642 | Orc:4    | Found Shrietsi's Antique Weapon Shoppe.
 33664 | Orc:4    | Found Frecath Izop's Antique Armour Shoppe.
 33671 | Orc:4    | Found Briulou's General Store.
 33972 | Orc:4    | no silence :-(
 34287 | Elf:1    | Entered Level 1 of the Elven Halls
 34464 | Elf:1    | Noticed Nergalle
 34488 | Elf:1    | Killed Nergalle
 34537 | Elf:1    | Reached XP level 18. HP: 145/145 MP: 34/34
 34816 | Elf:1    | Received a gift from Okawaru
 35491 | Elf:2    | Reached skill level 10 in Spellcasting
 35558 | Elf:3    | Entered Level 3 of the Elven Halls
 35909 | Elf:2    | Found a burning altar of Makhleb.
 35950 | Elf:2    | Got a bloodstained helmet
 35951 | Elf:2    | hmm
 35954 | Elf:2    | Identified the +4 helmet of Bruiheff {Str+2 Dex+3} (You acquired it on level 2 of the Elven Halls)
 35954 | Elf:2    | nice!
 36186 | Elf:3    | Found Godur's Gadget Shoppe.
 36189 | Elf:3    | no digginig...
 36567 | Elf:3    | Learned a level 2 spell: Cure Poison
 36875 | Elf:3    | Identified a +0 rod of destruction (12/12) (You found it on level 3 of the Elven Halls)
 36906 | Elf:3    | that's gonna be tough
 36929 | Elf:3    | Cast into the Abyss (deep elf sorcerer)
 36930 | Abyss:1  | yup
 37063 | Abyss:1  | Found a corrupted altar of Lugonu.
 37089 | Abyss:1  | Found a corrupted altar of Lugonu.
 37099 | Abyss:1  | Noticed a bone dragon
 37155 | Abyss:1  | Killed a bone dragon
 37155 | Abyss:1  | Received a gift from Okawaru
 37327 | Elf:3    | Escaped the Abyss
 38216 | Elf:3    | Received a gift from Okawaru
 38253 | Elf:3    | Noticed a Hell Sentinel
 38392 | Elf:3    | Got a flickering platinum amulet
 38393 | Elf:3    | Got a bloodstained large shield
 38555 | Elf:3    | Got an uncursed slimy great sword
 38570 | Elf:3    | Reached skill level 17 in Long Blades
 38935 | Elf:3    | Reached XP level 19. HP: 136/151 MP: 33/36
 39009 | Elf:3    | made it!
 39045 | Elf:3    | Identified the Almanac of the Fetching Escort (You found it on level 3 of the Elven Halls)
 39105 | Elf:3    | Got a pitted bone ring
 39134 | Elf:3    | hmm... nothing interesting
 39134 | Elf:3    | Identified the +4,+12 great sword "Kuproz" {slice, rF+} (You took it off a deep elf high priest on level 3 of the Elven Halls)
 39149 | Elf:3    | Got a fine falchion
 39150 | Elf:3    | Identified the +3,+4 falchion of Exoneration {speed, rPois Str-1} (You found it on level 3 of the Elven Halls)
 39156 | Elf:3    | Got a smoking lajatang
 39157 | Elf:3    | Identified the +10,+10 lajatang of Proximity {drain, rElec Str+1} (You found it on level 3 of the Elven Halls)
 39160 | Elf:3    | Got a brightly glowing wooden ring
 39178 | Elf:3    | Identified the +3 large shield of the Heavens {Int-1 Curse} (You took it off a deep elf conjurer on level 3 of the Elven Halls)
 39218 | Elf:3    | Identified the amulet "Zyodont" {Spirit +Inv Dam+4} (You took it off a deep elf demonologist on level 3 of the Elven Halls)
 39219 | Elf:3    | Identified the ring "Tyjetune" {Ice Int+2 Acc+4} (You found it on level 3 of the Elven Halls)
 39337 | Elf:3    | Identified the ring "Mnolip" {Contam AC+4} (You found it on level 3 of the Elven Halls)
 39867 | Slime:1  | Entered Level 1 of the Pits of Slime
 39994 | Slime:4  | Paralysed by a giant eyeball for 4 turns
 40001 | Slime:4  | Paralysed by a giant eyeball for 2 turns
 40018 | Slime:6  | Entered Level 6 of the Pits of Slime
 40323 | Slime:6  | Gained mutation: Your body is slowly deteriorating. [a shining eye]
 40590 | Slime:6  | Noticed the royal jelly
 40621 | Slime:6  | Killed the royal jelly
 40621 | Slime:6  | Reached skill level 18 in Long Blades
 40621 | Slime:6  | Reached skill level 15 in Armour
 40711 | Slime:5  | fuck, I forgot I have no means of cTele and no digging!!!
 41241 | D:12     | Reached skill level 1 in Transmutations
 41461 | D:12     | Noticed Erica
 41467 | D:12     | Killed Erica
 41531 | D:12     | Got an encrusted blowgun
 41532 | D:12     | Identified the +9 blowgun of Ghaum {evade, -Cast rPois rC+ Int-3} (You found it on level 12 of the Dungeon)
 41682 | D:12     | Noticed Nessos
 41696 | D:12     | Killed Nessos
 41915 | D:13     | Received a gift from Okawaru
 41924 | D:13     | Identified a +0 cloak of preservation (Okawaru gifted it to you on level 13 of the Dungeon)
 41924 | D:13     | YES!!!
 42641 | D:14     | Noticed Josephine
 42651 | D:14     | Killed Josephine
 43562 | D:15     | Entered Level 15 of the Dungeon
 43572 | D:15     | Reached skill level 5 in Transmutations
 43654 | D:15     | Found a labyrinth entrance.
 43687 | Lab      | Entered a labyrinth
 43698 | Lab      | Noticed psychoDad's ghost (powerful HEWz)
 43718 | Lab      | Killed psychoDad's ghost
 43739 | Lab      | Found an exit through the horrors of the Abyss.
 43925 | Lab      | Got a steaming ice dragon armour
 43942 | Lab      | Identified the +0 ice dragon armour of the Flute {+Rage rPois rF- rC++ rN+ Dex-3} (You found it in a labyrinth)
 43961 | Lab      | Identified Cigotuvi's Incunabulum of Changing (You found it in a labyrinth)
 44428 | D:15     | Found a staircase to the Depths.
 44729 | D:15     | Gained mutation: A powerful demonic guardian rushes to your aid. [demonic ancestry]
 44729 | D:15     | Reached XP level 20. HP: 154/158 MP: 35/36
 44755 | Depths:1 | Entered Level 1 of the Depths
 44919 | Depths:1 | Noticed Mara
 44939 | Depths:1 | Noticed Rafi's illusion
 44944 | Depths:1 | Killed Mara
 45253 | Depths:1 | Got a shimmering tin amulet
 45255 | Depths:1 | Identified the amulet "Diveh" {Clar rN+ Acc+3} (You took it off a tengu conjurer on level 1 of the Depths)
 45333 | Depths:1 | Noticed Jorgrun
 45391 | Depths:1 | Found a gateway to Hell.
 45521 | Depths:1 | Received a gift from Okawaru
 45571 | Depths:1 | Killed Jorgrun
 45627 | Depths:1 | Got an ichor-stained troll leather armour {god gift}
 45643 | Depths:1 | Identified the -7 troll leather armour of Buoceps {rPois rF++ rC+ Dam+5} (Okawaru gifted it to you on level 1 of the Depths)
 45781 | Depths:1 | Reached skill level 19 in Long Blades
 45952 | Depths:1 | Reached skill level 10 in Transmutations
 46373 | Depths:2 | Found an iron altar of Okawaru.
 46422 | Depths:2 | Found a one-way gate leading to the halls of Pandemonium.
 46439 | Depths:2 | the one-way gate leading to the halls of Pandemonium was a mimic.
 46537 | Depths:2 | Identified the Almanac of Protection
 46545 | Depths:2 | Learned a level 6 spell: Deflect Missiles
 46557 | Depths:2 | Learned a level 2 spell: Song of Slaying
 46564 | Depths:2 | Paralysed by a great orb of eyes for 7 turns
 46640 | Hell     | Entered the Vestibule of Hell
 46640 | Hell     | Noticed Geryon
 46703 | Hell     | Killed Geryon
 47222 | Depths:3 | Found a one-way gate leading to the halls of Pandemonium.
 47234 | Depths:3 | Found a one-way gate to the infinite horrors of the Abyss.
 47253 | Depths:3 | Received a gift from Okawaru
 47593 | Depths:3 | Reached XP level 21. HP: 148/164 MP: 30/37
 47595 | Depths:3 | Paralysed by a giant eyeball for 3 turns
 47689 | Depths:3 | Paralysed by a giant eyeball for 2 turns
 47713 | Depths:3 | Paralysed by a giant eyeball for 3 turns
 47833 | Depths:3 | Noticed Margery
 47850 | Depths:3 | Banished Margery
 48081 | Depths:3 | Noticed Sojobo
 48097 | Depths:3 | Killed Sojobo
 48097 | Depths:3 | Reached skill level 20 in Long Blades
 48146 | Depths:3 | Received a gift from Okawaru
 48405 | Depths:3 | Paralysed by a great orb of eyes for 2 turns
 48732 | Depths:3 | Paralysed by a red wasp for 3 turns
 48773 | Depths:3 | Noticed Mennas
 48981 | Depths:1 | Got a pitted amber ring
 48986 | Depths:1 | Identified the ring "Kadupsob" {SustAb Str+3 Int+4} (You took it off a boggart on level 1 of the Depths)
 49489 | D:14     | Found a gate to the Vaults.
 49511 | Vaults:1 | Entered Level 1 of the Vaults
 50173 | Slime:6  | Got a slimy rune of Zot
 50200 | Slime:6  | Got a dazzling scimitar
 50217 | Slime:6  | Identified Zuamueh's Handbook of Ashen Good Luck (You found it on level 6 of the Pits of Slime)
 50262 | Slime:6  | Identified the Collected Works on Conjuration (You found it on level 6 of the Pits of Slime)
 50388 | Lair:8   | Learned a level 4 spell: Control Teleport
 50394 | Lair:8   | Identified the +5,+10 scimitar "Stousmeg" {flame, -Cast rF+ Str+3} (You found it on level 6 of the Pits of Slime)
 50638 | Lair:2   | Learned a level 2 spell: Sublimation of Blood
 50642 | Lair:2   | Learned a level 3 spell: Spectral Weapon
 50651 | Lair:2   | Learned a level 6 spell: Statue Form
 51748 | Vaults:1 | Paralysed by a great orb of eyes for 6 turns
 52343 | Vaults:1 | Reached skill level 10 in Air Magic
 52777 | Vaults:2 | Received a gift from Okawaru
 52918 | Vaults:2 | Reached XP level 22. HP: 167/172 MP: 36/38
 54074 | Vaults:2 | Found a staircase to the Crypt.
 54074 | Vaults:2 | Found an ancient bone altar of Kikubaaqudgha.
 54075 | Vaults:2 | Found a basalt altar of Yredelemnul.
 54917 | Vaults:3 | Received a gift from Okawaru
 55190 | Vaults:3 | Noticed Rupert
 55205 | Vaults:3 | Killed Rupert
 55206 | Vaults:3 | Noticed Agnes
 55212 | Vaults:3 | Noticed Frederick
 55218 | Vaults:3 | Killed Agnes
 55221 | Vaults:3 | Noticed Wiglaf
 55231 | Vaults:3 | Killed Frederick
 55243 | Vaults:3 | Killed Wiglaf
 55333 | Vaults:3 | Noticed Aizul
 55363 | Vaults:3 | Killed Aizul
 55799 | Vaults:4 | Received a gift from Okawaru
 55832 | Vaults:4 | Reached skill level 21 in Long Blades
 56222 | Vaults:4 | Found a staircase to the Hall of Blades.
 57230 | Blade    | Entered the Hall of Blades
 57303 | Blade    | Reached XP level 23. HP: 123/180 MP: 39/39
 57631 | Vaults:5 | Entered Level 5 of the Vaults
 57652 | Vaults:4 | Received a gift from Okawaru
 57659 | Vaults:4 | Reached skill level 15 in Fighting
 58456 | Vaults:4 | Received a gift from Okawaru
 59329 | Vaults:5 | Received a gift from Okawaru
 59456 | Vaults:5 | Noticed an ancient lich
 59464 | Vaults:5 | Paralysed by an ancient lich for 6 turns
 59900 | Vaults:5 | Paralysed by an ancient lich for 4 turns
 59912 | Vaults:4 | Killed an ancient lich
 60074 | Vaults:5 | silence, FINALLY!!!
 60080 | Vaults:5 | Learned a level 5 spell: Silence
 60081 | Vaults:5 | Got a silver rune of Zot
 60115 | Vaults:5 | Identified a +6 rod of shadows (11/11) (You took it off a rakshasa on level 2 of the Vaults)
 60267 | Vaults:5 | Reached XP level 24. HP: 141/191 MP: 18/41
 60404 | Vaults:5 | Found Imearphe's Weapon Shop.
 60404 | Vaults:5 | Noticed an ancient lich
 60420 | Vaults:5 | Killed an ancient lich
 60802 | Vaults:5 | Got a faintly glowing ruby amulet
 61057 | Vaults:5 | Identified the amulet of Dusioh Usmej {rCorr Int+3 Acc+5 Curse} (You found it on level 5 of the Vaults)
 61366 | Vaults:5 | Identified a +6 rod of striking (14/14) (You found it on level 5 of the Vaults)
 61411 | Vaults:5 | fuck
 61613 | Crypt:1  | Entered Level 1 of the Crypt
 61972 | Crypt:1  | great!
 62047 | Crypt:1  | Learned a level 2 spell: Freezing Aura
 62065 | Vaults:2 | Learned a level 2 spell: Fire Brand
 62502 | Crypt:1  | Noticed Jory
 62518 | Crypt:1  | Killed Jory
 62804 | Crypt:2  | Received a gift from Okawaru
 63070 | Crypt:2  | Reached skill level 10 in Charms
 63471 | Crypt:2  | Found a staircase to the Tomb.
 64941 | Crypt:5  | Entered Level 5 of the Crypt
 65146 | Crypt:5  | Gained mutation: Your magical and physical power is enhanced at high health. [demonic ancestry]
 65146 | Crypt:5  | Reached XP level 25. HP: 167/198 MP: 37/42
 65430 | Crypt:5  | Found an ancient bone altar of Kikubaaqudgha.
 65434 | Crypt:5  | Found a basalt altar of Yredelemnul.
 65672 | Crypt:5  | Paralysed by a vampire knight for 5 turns
 65682 | Crypt:5  | Got a crude crystal amulet
 65845 | Crypt:5  | Identified the amulet "Ulloned" {Stasis Contam rPois Int+3 Dam+3 Stlth--} (You took it off a vampire knight on level 5 of the Crypt)
 65870 | Crypt:5  | Identified Iskenderun's Catalogue of Blows and Bruises
 66645 | Depths:3 | Noticed an ancient lich
 66658 | Depths:3 | Killed an ancient lich
 66877 | Depths:2 | WTF???
 67035 | Depths:3 | Killed Mennas
 67071 | Depths:3 | Noticed Xtahua
 67083 | Depths:3 | Killed Xtahua
 67207 | Depths:3 | Paralysed by a wizard for 5 turns
 67290 | Depths:3 | Got a steaming lead ring
 67297 | Depths:3 | Identified the ring of Fragile Peace {Ice Dex+4 Int+5} (You took it off a deep elf knight on level 3 of the Depths)
 67423 | Depths:4 | Reached skill level 15 in Spellcasting
 67429 | Depths:4 | Reached skill level 1 in Necromancy
 67448 | Depths:4 | Found a gateway to a ziggurat.
 67518 | Depths:4 | Found a portal to a secret trove of treasure.
 67552 | Depths:4 | what will you ask for?
 67554 | Depths:4 | hmm... doable!
 67554 | Depths:4 | where did I have that hide?
 67689 | Depths:4 | Got a brightly glowing cloak
 67699 | Depths:4 | Identified the cursed -5 cloak of the Many Planets {+Blink +Inv rElec MR++ Dex+2} (You found it on level 4 of the Depths)
 68142 | Depths:4 | Identified Sif Umamp's Last Incunabulum of the Archmage (You found it on level 4 of the Depths)
 68145 | Depths:4 | Identified Pyn Awnie's Tome of Venom and Confrontation (You found it on level 4 of the Depths)
 68474 | Depths:5 | Entered Level 5 of the Depths
 68512 | Depths:5 | Received a gift from Okawaru
 68615 | Depths:5 | Reached skill level 5 in Necromancy
 69329 | Depths:5 | Found a gate to the Realm of Zot.
 69344 | Depths:5 | Gained mutation: Your magical and physical power is greatly enhanced at high health. [demonic ancestry]
 69344 | Depths:5 | Reached XP level 26. HP: 203/210 MP: 41/43
 69469 | Zot:1    | Entered Level 1 of the Realm of Zot
 70284 | Zot:2    | Received a gift from Okawaru
 70312 | Zot:2    | Got a brightly glowing chain mail
 70383 | Zot:2    | Got a jewelled chain mail
 70414 | Zot:2    | Identified the cursed -7 chain mail "Koick" {+Blink} (You found it on level 2 of the Realm of Zot)
 70432 | Zot:2    | Identified the +7 chain mail "Clucihug" {Int-1 Acc+2} (You found it on level 2 of the Realm of Zot)
 70838 | Zot:2    | Reached skill level 22 in Long Blades
 71186 | Zot:2    | Reached skill level 10 in Necromancy
 71194 | Zot:2    | Reached skill level 15 in Dodging
 72201 | Zot:4    | Received a gift from Okawaru
 72202 | Zot:4    | Reached XP level 27. HP: 219/219 MP: 43/43
 72275 | Zot:4    | Got a heavily runed lead ring
 72277 | Zot:4    | Identified the ring "Fowko" {rPois rC+} (You found it on level 4 of the Realm of Zot)
 72774 | Zot:5    | Entered Level 5 of the Realm of Zot
 73114 | Zot:5    | Received a gift from Okawaru
 73251 | Zot:5    | Noticed an ancient lich
 73265 | Zot:5    | Killed an ancient lich
 73344 | Zot:5    | Noticed Tiamat
 73397 | Zot:5    | Killed Tiamat
 73489 | Zot:5    | that was Tiamat???
 73514 | Zot:5    | Noticed an ancient lich
 73533 | Zot:5    | Killed an ancient lich
 73533 | Zot:5    | Reached skill level 15 in Necromancy
 73839 | Zot:5    | Noticed an orb of fire
 73840 | Zot:5    | finally, an orb of fire!
 73848 | Zot:5    | Gained mutation: Your vision is a little blurry. [an orb of fire]
 73852 | Zot:5    | Killed an orb of fire
 73852 | Zot:5    | Reached skill level 23 in Long Blades
 73974 | Zot:5    | Noticed an ancient lich
 73987 | Zot:5    | Killed an ancient lich
 74032 | Zot:5    | Noticed an ancient lich
 74042 | Zot:5    | Noticed an orb of fire
 74059 | Zot:5    | Killed an orb of fire
 74069 | Zot:5    | Killed an ancient lich
 74069 | Zot:5    | Received a gift from Okawaru
 74728 | Trove    | Entered a treasure trove
 74729 | Trove    | Xom will laugh
 74735 | Trove    | Got a smoking sapphire amulet
 74761 | Trove    | Got a twitching jade ring
 74789 | Trove    | Identified the amulet of the Firefly {Faith MR+ SInv} (You found it in a treasure trove)
 74789 | Trove    | Identified the cursed ring of Thoets {AC-5 Acc+5 Dam+5} (You found it in a treasure trove)
 74859 | Hell     | Lost mutation: Your natural rate of healing is unusually fast. [potion of cure mutation]
 74859 | Hell     | Lost mutation: Your body is slowly deteriorating. [potion of cure mutation]
 74859 | Hell     | Lost mutation: Your vision is a little blurry. [potion of cure mutation]
 74860 | Hell     | Gained mutation: Your natural rate of healing is unusually fast. [potion of beneficial mutation]
 74873 | Hell     | Learned a level 8 spell: Necromutation
 74942 | Hell     | Learned a level 9 spell: Tornado
 76055 | Elf:2    | Fell from the grace of Okawaru
 76055 | Elf:2    | Became a worshipper of Makhleb the Destroyer
 76056 | Elf:2    | narka, Oki!
 76130 | Orc:4    | Bought an encrusted scale mail for 342 gold pieces
 76145 | Orc:4    | Identified the cursed -1 scale mail of Death Resistance {Str-3 Dex+1} (You bought it in a shop on level 4 of the Orcish Mines)
 76156 | Orc:4    | Bought an encrusted plate armour for 1064 gold pieces
 76169 | Orc:4    | Identified the +4 plate armour "Uvuowuv" {Str-3 Dex-4} (You bought it in a shop on level 4 of the Orcish Mines)
 76183 | Orc:4    | Bought a faintly humming chain mail for 361 gold pieces
 76194 | Orc:4    | Identified the +6 chain mail "Odig" {Int+4 Acc-4} (You bought it in a shop on level 4 of the Orcish Mines)
 76227 | Orc:4    | Bought an uncursed amulet of stasis for 280 gold pieces
 76625 | Depths:3 | Voluntarily entered the Abyss.
 76828 | Abyss:1  | Paralysed by accursed screaming for 1 turns
 76833 | Abyss:1  | Paralysed by you for 6 turns
 76842 | Abyss:1  | Paralysed by accursed screaming for 1 turns
 77298 | Abyss:2  | Acquired Makhleb's first power
 77904 | Abyss:3  | Found a corrupted altar of Lugonu.
 77957 | Abyss:3  | Acquired Makhleb's second power
 78133 | Abyss:3  | Got a pitted bone ring
 78184 | Abyss:3  | Learned a level 8 spell: Death's Door
 78387 | Abyss:3  | Acquired Makhleb's third power
 78635 | Abyss:4  | Got an abyssal rune of Zot
 78636 | Abyss:4  | YES!
 78661 | Abyss:4  | Paralysed by a giant eyeball for 3 turns
 78671 | Abyss:4  | Acquired Makhleb's fourth power
 78688 | Abyss:4  | Paralysed by accursed screaming for 1 turns
 78708 | Abyss:4  | Paralysed by accursed screaming for 1 turns
 78891 | Abyss:4  | Found a corrupted altar of Lugonu.
 79130 | Depths:3 | Escaped the Abyss
 79146 | Hell     | tornado at 99%!
 79146 | Hell     | Identified the cursed ring "Tiddal" {Hunger- Str+1 Dex+1} (You found it on level 3 of the Abyss)
 79193 | Pan      | Entered Pandemonium
 79220 | Pan      | Acquired Makhleb's fifth power
 79345 | Pan      | Found an exit through the horrors of the Abyss.
 79366 | Pan      | Noticed Boih the pandemonium lord
 79453 | Pan      | Killed Boih the pandemonium lord
 79656 | Pan      | Noticed Fegrodul the pandemonium lord
 79665 | Pan      | Killed Fegrodul the pandemonium lord
 79770 | Pan      | Found an exit through the horrors of the Abyss.
 79949 | Pan      | Paralysed by a gelid chaos champion for 6 turns
 80171 | Pan      | Noticed Theh the pandemonium lord
 80196 | Pan      | Killed Theh the pandemonium lord
 80225 | Pan      | Got a demonic rune of Zot
 80410 | Pan      | Noticed Keaniamp the pandemonium lord
 80422 | Pan      | Killed Keaniamp the pandemonium lord
 80475 | Pan      | Got an encrusted hat
 80491 | Pan      | Identified the +2 hat of Amorality {Dex+3 Dam+3 SInv} (You found it in Pandemonium)
 80601 | Pan      | Noticed Ago Chiraotz the pandemonium lord
 80766 | Pan      | Noticed Clyafywn the pandemonium lord
 80781 | Pan      | Found an exit through the horrors of the Abyss.
 80948 | Pan      | Reached skill level 15 in Air Magic
 81131 | Pan      | Noticed Shriasuel the pandemonium lord
 81149 | Pan      | Killed Shriasuel the pandemonium lord
 81234 | Pan      | Found an exit through the horrors of the Abyss.
 81259 | Pan      | Found an exit through the horrors of the Abyss.
 81310 | Pan      | fuck...
 81382 | Pan      | Noticed Ocwuvon the pandemonium lord
 81744 | Pan      | Found an exit through the horrors of the Abyss.
 82115 | Pan      | Learned a level 1 spell: Apportation
 82168 | Pan      | Was forgiven by Okawaru
 82202 | Pan      | Found an exit through the horrors of the Abyss.
 82242 | Pan      | Found an exit through the horrors of the Abyss.
 82425 | Pan      | Noticed Psujoxu the pandemonium lord
 82432 | Pan      | Killed Psujoxu the pandemonium lord
 82642 | Pan      | Found an exit through the horrors of the Abyss.
 82876 | Pan      | Noticed Xauzxe the pandemonium lord
 82887 | Pan      | Killed Xauzxe the pandemonium lord
 82960 | Pan      | Noticed Owafev the pandemonium lord
 83030 | Pan      | Found an exit through the horrors of the Abyss.
 83065 | Pan      | where are the bosses???
 83150 | Pan      | Found an exit through the horrors of the Abyss.
 83611 | Pan      | Noticed Smaeschueda the pandemonium lord
 83622 | Pan      | Killed Smaeschueda the pandemonium lord
 83671 | Pan      | Entered the realm of Cerebov.
 83672 | Pan      | finally!!!
 83683 | Pan      | this moment is critical
 83966 | Pan      | Got a vibrating amber ring
 83977 | Pan      | Got a slimy jade ring
 83978 | Pan      | Identified the ring "Shiw" {+Inv Str+1 Dex+2} (You found it in Pandemonium)
 83980 | Pan      | Identified the ring of Moderation {+Fly Int+1} (You found it in Pandemonium)
 84070 | Pan      | Got a twitching platinum ring
 84221 | Pan      | Identified the ring "Aklilong" {rC+ Str-1 Dex+2} (You found it in Pandemonium)
 84226 | Pan      | Identified Puxuel's Reference Book on Dislocated Moulding (You found it in Pandemonium)
 84420 | Pan      | Noticed Cerebov
 84479 | Pan      | die!!!
 84480 | Pan      | Killed Cerebov
 84481 | Pan      | YES!!!
 84604 | Pan      | Got a fiery rune of Zot
 84657 | Pan      | this is PERFECT
 84707 | Pan      | Found an exit through the horrors of the Abyss.
 84713 | Pan      | Found a gateway to a ziggurat.
 84776 | Pan      | Got a smoking large shield
 84910 | Zig:1    | Entered Level 1 of a ziggurat
 84951 | Zig:1    | 13 levels, nothing more
 84962 | Zig:1    | Identified the +0 large shield of Frures {Str+2 Acc+3} (You took it off a daeva in Pandemonium)
 84976 | Zig:2    | Entered Level 2 of a ziggurat
 85002 | Zig:3    | Entered Level 3 of a ziggurat
 85095 | Zig:4    | Entered Level 4 of a ziggurat
 85181 | Zig:4    | Got a faintly glowing ring mail
 85194 | Zig:4    | Identified the +0 ring mail "Ajowuf" {Stlth++} (You found it on level 4 of a ziggurat)
 85213 | Zig:5    | Entered Level 5 of a ziggurat
 85289 | Zig:6    | Entered Level 6 of a ziggurat
 85351 | Zig:7    | Entered Level 7 of a ziggurat
 85432 | Zig:8    | Entered Level 8 of a ziggurat
 85512 | Zig:9    | Entered Level 9 of a ziggurat
 85552 | Zig:9    | Identified the Volume of the Volcano (You found it on level 9 of a ziggurat)
 85555 | Zig:9    | Got a warped pewter ring
 85576 | Zig:10   | Entered Level 10 of a ziggurat
 85596 | Zig:10   | WTF did I do???
 85614 | Zig:10   | HP: 9/219 [skeletal warrior/glaive[a shadow demon] (18)]
 85614 | Zig:10   | Mangled by a reaper

Action                   |  1- 3 |  4- 6 |  7- 9 | 10-12 | 13-15 | 16-18 | 19-21 | 22-24 | 25-27 || total
-------------------------+-------+-------+-------+-------+-------+-------+-------+-------+-------++-------
Melee: Mace              |    56 |   257 |       |       |       |       |       |       |       ||   313
       Unarmed           |     2 |       |       |       |       |     9 |       |       |       ||    11
       Scimitar          |       |    12 |    71 |    31 |    84 |       |       |       |       ||   198
       Short sword       |       |       |   310 |   292 |       |       |       |       |       ||   602
       Claymore          |       |       |       |   267 |  1118 |   217 |     4 |    75 |  2072 ||  3753
       Great sword       |       |       |       |       |   102 |       |   599 |   711 |   164 ||  1576
       Demon blade       |       |       |       |       |   407 |  2187 |  1777 |  2019 |  1472 ||  7862
       Rod               |       |       |       |       |       |     2 |       |       |       ||     2
       Flamberge         |       |       |       |       |       |       |       |       |    50 ||    50
       Staff             |       |       |       |       |       |       |       |       |    27 ||    27
 Fire: Blowgun           |       |       |    27 |    29 |       |       |       |       |       ||    56
 Cast: Shock             |    62 |   162 |   152 |    10 |    78 |       |     2 |       |       ||   466
       Repel Missiles    |       |     1 |     1 |       |     3 |     8 |     8 |       |       ||    21
       Flight            |       |     1 |       |       |     9 |    19 |       |       |    11 ||    40
       Swiftness         |       |       |     3 |       |       |     3 |     1 |       |     4 ||    11
       Regeneration      |       |       |       |       |     7 |    46 |    54 |    93 |    60 ||   260
       Cure Poison       |       |       |       |       |       |     3 |     5 |    12 |    24 ||    44
       Blink             |       |       |       |       |       |     1 |     1 |     1 |       ||     3
       Magic Dart        |       |       |       |       |       |     1 |       |       |       ||     1
       Deflect Missiles  |       |       |       |       |       |       |     3 |    10 |    15 ||    28
       Silence           |       |       |       |       |       |       |       |     4 |    14 ||    18
       Song of Slaying   |       |       |       |       |       |       |       |       |     6 ||     6
       Necromutation     |       |       |       |       |       |       |       |       |    42 ||    42
       Tornado           |       |       |       |       |       |       |       |       |     6 ||     6
       Summon Butterflie |       |       |       |       |       |       |       |       |     1 ||     1
Invok: Heroism           |       |       |     9 |    28 |    52 |    58 |    52 |    73 |    59 ||   331
       Finesse           |       |       |       |       |       |       |     1 |       |       ||     1
 Abil: End Transformatio |       |       |       |       |       |       |       |       |    11 ||    11
Evoke: Wand              |       |       |     1 |     2 |    15 |    14 |    15 |     3 |    16 ||    66
       Fan of gales      |       |       |       |     1 |     1 |     3 |       |       |       ||     5
       Deck              |       |       |       |       |       |     1 |       |       |     1 ||     2
  Use: Scroll            |     4 |     4 |     7 |    14 |    20 |    24 |    38 |    15 |    69 ||   195
       Potion            |       |     5 |     1 |     5 |     4 |    15 |     9 |     8 |    45 ||    92
 Stab: Sleeping          |       |     1 |       |       |     1 |       |     4 |       |       ||     6
       Invisible         |       |       |       |     3 |     1 |       |       |       |       ||     4
       Distracted        |       |       |       |       |     7 |     9 |    10 |     6 |    10 ||    42
       Confused          |       |       |       |       |     1 |       |       |       |       ||     1
       Paralysed         |       |       |       |       |     1 |       |       |       |       ||     1
       Held in net/web   |       |       |       |       |       |     1 |       |     2 |       ||     3
       Petrifying        |       |       |       |       |       |       |       |       |     1 ||     1
